 Dungeon Crawl Stone Soup version 0.20.1-1-g8b1a95d (webtiles) character file.

131 Gremour the Chiller (level 4, 0/37 HPs)
             Began as a Draconian Ice Elementalist on Sept 13, 2017.
             Slain by an orc priest
             ... wielding a +0 hand axe
              (3 damage)
             ... on level 3 of the Dungeon.
             The game lasted 00:21:00 (2212 turns).

Gremour the Chiller (Draconian Ice Elementalist)    Turns: 2212, Time: 00:21:01

Health: 0/37       AC:  8    Str:  9 (10) XL:     4   Next: 91%
Magic:  7/7        EV: 12    Int: 19 (20) God:
Gold:   47         SH:  0    Dex: 10 (13) Spells: 4/7 levels left

rFire    . . .     SeeInvis .   a - +0 short sword
rCold    . . .     Gourm    .   (no shield)
rNeg     . . .     Faith    .   (armour unavailable)
rPois    +         Spirit   .   (helmet restricted)
rElec    .         Reflect  .   l - +2 cloak
rCorr    .         Harm     .   (no gloves)
MR       .....                  (no boots)
Stlth    ++........             (no amulet)
Regen    0.2/turn               k - ring of poison resistance
MPRegen  0.1/turn               (no ring)

@: brilliant, very slightly contaminated, hasted, very quick
A: unfitting armour, big wings, high mp 1, cold-blooded, AC +5
a: Fly


You were on level 3 of the Dungeon.
You were not hungry.

You visited 1 branch of the dungeon, and saw 3 of its levels.

You collected 47 gold pieces.

Inventory:

Hand Weapons
 a - a +0 short sword (weapon)
 d - a +0 dagger
Missiles
 i - 6 tomahawks (quivered)
Armour
 l - a +2 cloak (worn)
Jewellery
 k - a ring of poison resistance (left hand)
Scrolls
 f - 2 scrolls of remove curse
 h - a scroll of fear {unknown}
 j - a scroll of immolation {unknown}
 m - a scroll of blinking {unknown}
 n - a scroll of recharging
 o - a scroll of identify {unknown}
 r - a scroll of enchant weapon {unknown}
Books
 e - a book of Frost

   Spells                             Type                      Level
   a - Freeze                         Ice                          1
   b - Throw Frost                    Conjuration/Ice              2
   c - Ozocubu's Armour               Charms/Ice                   3
   d - Throw Icicle                   Conjuration/Ice              4
   e - Summon Ice Beast               Ice/Summoning                4
Comestibles
 b - a bread ration
 g - 2 royal jellies
 u - a chunk of flesh


   Skills:
 + Level 2.8 Fighting
 + Level 0.4 Short Blades
 * Level 2.6 Dodging
 - Level 3.0 Stealth
 + Level 0.8 Unarmed Combat
 - Level 2.0 Spellcasting
 + Level 1.1 Conjurations
 - Level 3.1 Ice Magic


You had 4 spell levels left.
You knew the following spells:

 Your Spells              Type           Power        Failure   Level  Hunger
a - Throw Frost           Conj/Ice       ###...       1%          2    ###....
z - Freeze                Ice            ####         1%          1    #......


Dungeon Overview and Level Annotations

Branches:
Dungeon (3/15)

Altars:
Ashenzari


Innate Abilities, Weirdness & Mutations

Your plain brown scales are hard. (AC +5)
You cannot fit into any form of body armour.
You are cold-blooded and may be slowed by cold attacks.
Your large and strong wings let you fly indefinitely.
You have an increased reservoir of magic. (+10% MP)


Message History

You feel more energetic.
Your wings grow larger and stronger.
The orc priest hits you with a hand axe.
* * * LOW HITPOINT WARNING * * *
As you read the scroll labeled XUIC GAVVUR, it crumbles to dust.
It is a scroll of recharging.
You aren't carrying any rechargeable items.
The orc priest hits you but does no damage.
It was a potion of magic.
Magic courses through your body.
The orc priest hits you but does no damage.
It was a potion of brilliance.
You feel clever all of a sudden.
The orc priest hits you with a hand axe.
* * * LOW HITPOINT WARNING * * *
It was a potion of degeneration.
There was something very wrong with that liquid.
You feel weakened.
You feel dopey.
You feel clumsy.
The orc priest hits you but does no damage.
It was a potion of haste.
You feel yourself speed up.
The orc priest hits you with a hand axe.
You die...

### #.. ####### #.# ......#
########### #.# .####.#
#......@oo# #.#
.####.####.#.##.##o# #)##.#.#
.#.........#.##.##)####).....#
.#.##.######.##.....)o.###.....
.#.##.#### #.#####.###o########
.........###...........o...#
#####.......#######.#..##..#
#.##.##.# #......o# .#
####.##.#.....#.#....(....#


You could see 2 orc priests and an orc.

Vanquished Creatures
  An orc wizard (D:3)
  4 adders
  An ooze (D:2)
  2 worms (D:2)
  4 dart slugs
  2 leopard geckos
  7 orcs (D:3)
  A giant cockroach (D:1)
  4 goblins
  4 hobgoblins
  3 jackals (D:1)
  5 bats
  A frilled lizard (D:2)
  5 kobolds
  5 rats
49 creatures vanquished.

Notes
Turn   | Place    | Note
-------+----------+-------------------------------------------
     0 | D:1      | Gremour the Draconian Ice Elementalist began the quest for the Orb.
     0 | D:1      | Reached XP level 1. HP: 14/14 MP: 3/3
   342 | D:1      | Reached XP level 2. HP: 22/22 MP: 5/5
   381 | D:1      | Learned a level 2 spell: Throw Frost
   523 | D:1      | Reached skill level 1 in Fighting
  1123 | D:2      | Reached XP level 3. HP: 16/28 MP: 0/6
  1242 | D:2      | Found a shattered altar of Ashenzari.
  1899 | D:3      | Reached XP level 4. HP: 35/36 MP: 7/7
  2207 | D:3      | Gained mutation: You have an increased reservoir of magic. (+10% MP) [potion of mutation]
  2207 | D:3      | Gained mutation: Your large and strong wings let you fly indefinitely. [potion of mutation]
  2212 | D:3      | Slain by an orc priest

Skill      XL: |  1  2  3  4 |
---------------+-------------+-----
Dodging        | 2 |  2.6
Stealth        | 2 3 |  3.0
Fighting       | 1 2 |  2.8
Short Blades   | |  0.4
Unarmed Combat | |  0.8
Spellcasting   | |  2.0
Conjurations   | |  1.1
Ice Magic      | |  3.1

Action                   |  1- 3 |  4- 6 || total
-------------------------+-------+-------++-------
Melee: Dagger            |    12 |       ||    12
       Unarmed           |     9 |       ||     9
       Tailslap          |     8 |     2 ||    10
       Short sword       |    87 |    47 ||   134
 Cast: Freeze            |    41 |    12 ||    53
       Throw Frost       |     4 |     2 ||     6
  Use: Scroll            |     1 |     1 ||     2
       Potion            |       |     5 ||     5
 Stab: Sleeping          |     7 |       ||     7
  Eat: Chunk             |     4 |     2 ||     6
Armor: Skin              |    52 |    11 ||    63
Dodge: Dodged            |    74 |    39 ||   113
